 Dungeon Crawl Stone Soup version 0.18.1-5-g4a78601 (webtiles) character file.

543 shmeve the Chopper (level 7, -1/62 HPs)
             Began as a Minotaur Berserker on May 14, 2016.
             Was a Priest of Trog.
             Slain by an ogre
             ... wielding a +0 giant club
              (14 damage)
             ... on level 5 of the Dungeon.
             The game lasted 00:06:03 (3128 turns).

shmeve the Chopper (Minotaur Berserker)             Turns: 3128, Time: 00:06:04

Health: -1/62      AC: 10    Str: 22    XL:     7   Next: 6%
Magic:  6/6        EV:  9    Int:  5    God:    Trog [***...]
Gold:   224        SH:  0    Dex: 12    Spells: 0 memorised, 6 levels left

rFire  . . .     SeeInvis .     o - +0 war axe
rCold  . . .     Gourm    .     h - +0 chain mail
rNeg   . . .     Faith    .     (no shield)
rPois  .         Spirit   .     (helmet restricted)
rElec  .         Dismiss  .     n - +0 cloak
rCorr  .         Reflect  .     (no gloves)
SustAt .         Harm     .     (no boots)
MR     ++...                    (no amulet)
Stlth  ..........               (no ring)
                                g - +2 ring of dexterity

@: lethally poisoned (-1 -> -1), exhausted, regenerating, slowed, very slow,
very resistant to hostile enchantments, extremely unstealthy
A: retaliatory headbutt, horns 2
a: Berserk, Trog's Hand, Burn Spellbooks, Renounce Religion


You were on level 5 of the Dungeon.
You worshipped Trog.
Trog was most pleased with you.
You were very hungry.

You visited 1 branch of the dungeon, and saw 5 of its levels.

You collected 224 gold pieces.

Inventory:

Hand Weapons
 o - a +0 war axe (weapon)
Armour
 h - a +0 chain mail (worn)
 n - a +0 cloak (worn)
Jewellery
 g - a +2 ring of dexterity (left hand)
Scrolls
 a - a scroll of teleportation {unknown}
 b - 2 scrolls of fear {unknown}
 d - 3 scrolls of identify {unknown}
 i - 2 scrolls of magic mapping {unknown}
 j - a scroll of noise {unknown}
Potions
 e - 4 potions of lignification {unknown}
 k - 6 potions of curing {unknown}
 l - 2 potions of degeneration {unknown}
 m - a potion of cure mutation {unknown}
 p - 2 potions of brilliance {unknown}
Comestibles
 c - 4 bread rations
 f - 3 meat rations
 q - 5 fruits


   Skills:
 * Level 5.8 Fighting
 * Level 6.1 Axes
 + Level 2.8 Throwing
 + Level 3.8 Armour
 + Level 3.7 Dodging


You had 6 spell levels left.
You didn't know any spells.

Dungeon Overview and Level Annotations

Branches:
Dungeon (5/15)             Temple (0/1) D:4

Altars:
Ashenzari
Gozag
Makhleb
Nemelex Xobeh
Xom
Zin


Innate Abilities, Weirdness & Mutations

You reflexively headbutt those who attack you in melee.
You have a pair of horns on your head.


Message History

You barely miss the gnoll.
The gnoll is almost dead.
The gnoll barely misses you. The gnoll hits you but does no damage.
The gnoll hits you from afar with a spear of flaming.
The gnoll burns you.
* * * LOW HITPOINT WARNING * * *
You hit the gnoll.
You kill the gnoll!
Trog accepts your kill.
The gnoll hits you from afar with a spear of flaming.
* * * LOW HITPOINT WARNING * * *
The gnoll burns you.
* * * LOW HITPOINT WARNING * * *
The ogre completely misses you. The gnoll barely misses you.
You feel sick. The gnoll closely misses you.
Found a scroll labeled RIFESAUDDU and 4 gold pieces.
Your skin crawls.
You feel resistant to hostile enchantments.
You feel slightly more hungry. The ogre hits you with a giant club!
You die...

?..#####. ........
...... . ..... .
... #... .. #.#
#..# ##..
...#g.#...
####.#@O#.##...
.......)))......
###.....)########
###.#.##.......$.
###...#.###....####
........# #.##.#
........###.# #
.$#<.†..#
#####....#


You could see an ogre and a gnoll.

Vanquished Creatures
  An ogre (D:4)
  A gnoll sergeant (D:5)
  A howler monkey (D:5)
  2 crimson imps
  2 hounds (D:4)
  2 worker ants
  4 gnolls (D:5)
  6 adders
  An ooze (D:4)
  3 dart slugs
  3 giant geckos
  6 orcs
  A ball python (D:3)
  7 bats
  2 giant cockroaches
  12 goblins
  2 hobgoblins (D:1)
  13 jackals
  2 quokkas (D:4)
  4 giant newts
  4 kobolds
  A quokka zombie (D:5)
  5 rats
85 creatures vanquished.

Notes
Turn   | Place    | Note
--------------------------------------------------------------
     0 | D:1      | shmeve the Minotaur Berserker began the quest for the Orb.
     0 | D:1      | Reached XP level 1. HP: 19/19 MP: 0/0
   161 | D:1      | Reached XP level 2. HP: 26/27 MP: 1/1
   370 | D:1      | Reached skill level 4 in Axes
   386 | D:1      | Reached ** piety under Trog
   749 | D:1      | Reached XP level 3. HP: 33/33 MP: 2/2
  1265 | D:2      | Reached skill level 1 in Throwing
  1686 | D:3      | Reached XP level 4. HP: 33/41 MP: 3/3
  1778 | D:3      | Found a sparkling altar of Nemelex Xobeh.
  2358 | D:4      | Found a shattered altar of Ashenzari.
  2358 | D:4      | Found a shimmering altar of Xom.
  2481 | D:4      | Found a staircase to the Ecumenical Temple.
  2493 | D:4      | Reached skill level 5 in Axes
  2493 | D:4      | Reached XP level 5. HP: 46/47 MP: 4/4
  2602 | D:4      | Noticed an ogre
  2606 | D:4      | Killed an ogre
  2606 | D:4      | Reached skill level 5 in Fighting
  2606 | D:4      | Reached XP level 6. HP: 42/56 MP: 5/5
  2790 | D:4      | Reached *** piety under Trog
  2907 | D:4      | Found an opulent altar of Gozag.
  2907 | D:4      | Found a glowing silver altar of Zin.
  2937 | D:4      | Found a burning altar of Makhleb.
  3096 | D:5      | Entered Level 5 of the Dungeon
  3115 | D:5      | Reached skill level 6 in Axes
  3123 | D:5      | Reached XP level 7. HP: 42/62 MP: 6/6
  3128 | D:5      | Slain by an ogre

Skill      XL: |  1  2  3  4  5  6 |
---------------+-------------------+-----
Axes           | 4 5 6 |  6.1
Fighting       | 4 5 |  5.8
Throwing       | 1 2 |  2.8
Armour         | 3 |  3.8
Dodging        | 3 |  3.7

Action                   |  1- 3 |  4- 6 |  7- 9 || total
-------------------------+-------+-------+-------++-------
Melee: Hand axe          |    74 |     9 |       ||    83
       Headbutt          |    10 |    19 |       ||    29
       War axe           |       |    89 |     3 ||    92
Invok: Burn Spellbooks   |       |     1 |       ||     1
       Berserk           |       |     1 |       ||     1
       Trog's Hand       |       |       |     1 ||     1
  Eat: Chunk             |     2 |     5 |       ||     7
Armor: Animal skin       |    19 |       |       ||    19
       Chain mail        |       |    71 |     1 ||    72
Dodge: Dodged            |    49 |    62 |     5 ||   116
